 Dungeon Crawl Stone Soup version 0.28-a0-691-gad6df49e81 (webtiles) character file.

Game seed: 7750973967037926765

205 Lekart the Skirmisher (level 5, -1/46 HPs)
             Began as a Draconian Fighter on Oct 17, 2021.
             Slain by Grinder (4 damage)
             ... on level 3 of the Dungeon on Oct 21, 2021.
             The game lasted 00:05:55 (2592 turns).

Lekart the Skirmisher (Draconian Fighter)           Turns: 2592, Time: 00:05:56

Health: -1/46      AC:  5    Str: 19    XL:     5   Next: 52%
Magic:  5/5        EV: 12    Int:  9    God:
Gold:   89         SH:  4    Dex: 10    Spells: 4/4 levels left

rFire   . . .      SeeInvis .   a - +1 long sword
rCold   . . .      Faith    .   b - +0 buckler
rNeg    . . .      Spirit   .   (armour unavailable)
rPois   .          Reflect  .   g - +0 hat
rElec   .          Harm     .   (no cloak)
rCorr   +          Rampage  .   (no gloves)
Will    .....                   (no boots)
Stlth   +.........              (no amulet)
HPRegen 0.15/turn               n - ring of resist corrosion
MPRegen 0.09/turn               (no ring)

@: mighty
A: AC +5, unfitting armour, cold-blooded
a: no special abilities


You were on level 3 of the Dungeon.
You visited 1 branch of the dungeon, and saw 3 of its levels.

You collected 89 gold pieces.

Inventory:

Hand Weapons
 a - a +1 long sword (weapon)
Missiles
 i - 18 poisoned darts (quivered)
Armour
 b - a +0 buckler (worn)
 g - a +0 hat (worn)
Jewellery
 n - a ring of resist corrosion (left hand)
Scrolls
 e - a scroll of magic mapping
 f - a scroll of enchant weapon
 h - a scroll of amnesia
 j - a scroll of identify
Potions
 d - a potion of curing
 k - a potion of haste {unknown}
 l - a potion of brilliance {unknown}
 m - a potion of heal wounds {unknown}
 o - a potion of ambrosia {unknown}
 p - a potion of invisibility {unknown}
 q - a potion of attraction {unknown}


   Skills:
 + Level 4.2 Fighting
 + Level 3.9 Long Blades
 + Level 1.0 Throwing
 + Level 3.5 Dodging
 + Level 3.6 Shields


You had 4 spell levels left.
You didn't know any spells.
Your spell library was empty.

Dungeon Overview and Level Annotations

Branches:
Dungeon (3/15)

Altars:
Vehumet
Beogh

Annotations:
D:3 Grinder


Innate Abilities, Weirdness & Mutations

Your plain brown scales are hard. (AC +5)
You cannot fit into any form of body armour.
You are cold-blooded and may be slowed by cold attacks.


Message History

You aren't carrying any items that you can evoke.
You feel very mighty all of a sudden.
Grinder blinks!
You block Grinder's attack.
You slash Grinder!
Grinder is moderately wounded.
Grinder closely misses you.
You barely miss Grinder.
Your tail-slap misses Grinder.
Grinder is moderately wounded.
Grinder gestures at you.
You suddenly lose the ability to move!
Grinder hits you! Grinder hits you!
You writhe in agony.
Grinder barely misses you. Grinder hits you. x3
* * * LOW HITPOINT WARNING * * *
You can move again.
You are too injured to fight recklessly!
You are too injured to fight recklessly!
You are too injured to fight recklessly!
Okay, then.
You slash Grinder!
Grinder is severely wounded.
Grinder hits you.
* * * LOW HITPOINT WARNING * * *
You writhe in agony.
* * * LOW HITPOINT WARNING * * *
You slash Grinder!
Grinder is almost dead.
You block Grinder's attack.
You barely miss Grinder. You tail-slap Grinder.
Grinder is almost dead.
Grinder gestures at you. Pain shoots through your body!
* * * LOW HITPOINT WARNING * * *
You barely miss Grinder.
Grinder is almost dead.
Grinder hits you.
* * * LOW HITPOINT WARNING * * *
You writhe in agony.
You die...

..........####.#.
######.#..# #.#. #
##...## .. # ##
##....# ...##
.###..##.# #... ##
.#...###.# ##.# ..
...### #.#
##..###.###.. <..#
#.####..#..(.>...#
.#..#
#.##†..##@##.#####
.##.####.#.†##.5.#
.#
.##........##..###
# ########......##
#......####
#.....## #.....#
#######


You could see Grinder.

Vanquished Creatures
  A jelly (D:2)
  Jessica (D:3)
  Terence (D:3)
  4 adders
  3 worms
  4 dart slugs (D:1)
  2 orcs
  9 ball pythons
  3 bats
  3 endoplasms
  5 giant cockroaches
  3 goblins
  9 hobgoblins
  7 jackals
  2 kobolds (D:1)
  3 quokkas (D:3)
  5 frilled lizards
  3 rats
68 creatures vanquished.

Notes
Turn   | Place    | Note
-------+----------+-------------------------------------------
     0 | D:1      | Lekart the Draconian Fighter began the quest for the Orb.
     0 | D:1      | Reached XP level 1. HP: 19/19 MP: 1/1
     2 | D:1      | Noticed an ogre
     2 | D:1      | Noticed a draconian
     4 | D:1      | Noticed a tengu
     4 | D:1      | Noticed a ghoul
     6 | D:1      | Noticed a felid
     8 | D:1      | Noticed a naga
     8 | D:1      | Noticed a vampire
    10 | D:1      | Noticed a demonspawn
    12 | D:1      | Noticed a gargoyle
    12 | D:1      | Noticed an octopode
    14 | D:1      | Noticed a human
    14 | D:1      | Noticed a troll
    16 | D:1      | Noticed a demigod
    18 | D:1      | Noticed a merfolk
    18 | D:1      | Noticed a dwarf
    20 | D:1      | Noticed a vine stalker
    22 | D:1      | Noticed a minotaur
    24 | D:1      | Noticed an elf
    24 | D:1      | Noticed a formicid
    26 | D:1      | Noticed a spriggan
   146 | D:1      | Reached XP level 2. HP: 26/26 MP: 2/2
   528 | D:1      | Reached XP level 3. HP: 29/33 MP: 3/3
   830 | D:1      | Found a faded altar of an unknown god.
  1456 | D:2      | Reached XP level 4. HP: 37/40 MP: 4/4
  1532 | D:2      | Upgraded the game from 0.28-a0-667-g162e43154e to
                  | 0.28-a0-691-gad6df49e81
  2017 | D:3      | Reached skill level 4 in Fighting
  2138 | D:3      | Found a radiant altar of Vehumet.
  2139 | D:3      | Noticed Terence
  2140 | D:3      | Noticed Jessica
  2155 | D:3      | Killed Terence
  2156 | D:3      | Reached XP level 5. HP: 22/46 MP: 5/5
  2158 | D:3      | Killed Jessica
  2398 | D:3      | Reached skill level 1 in Throwing
  2575 | D:3      | Noticed Grinder
  2583 | D:3      | Paralysed by Grinder for 6 turns
  2592 | D:3      | Slain by Grinder

Illustrated notes

Levels and vault maps discovered:
D:1:      kb_arrival_jail, layout_basic,
          hellmonk_ecumenical_altar_defaced_shrine
D:2:      layout_basic
D:3:      layout_rooms, lemuel_tele_altar, uniq_terence, uniq_jessica,
          uniq_grinder, uniq_robin

Skill      XL: |  1  2  3  4  5 |
---------------+----------------+-----
Dodging        | 3 |  3.5
Long Blades    | 3 |  3.9
Fighting       | 4 |  4.2
Throwing       | 1 |  1.0
Shields        | |  3.6

Action                   |  1- 3 |  4- 6 || total
-------------------------+-------+-------++-------
Melee: Long sword        |   100 |   111 ||   211
       Tailslap          |     5 |    13 ||    18
Throw: Dart              |    15 |    13 ||    28
  Use: Scroll            |     1 |     3 ||     4
       Potion            |       |     1 ||     1
Armor: Skin              |    32 |    27 ||    59
Dodge: Dodged            |    71 |    76 ||   147
Block: Buckler           |    27 |    30 ||    57

Table legend: (Time is in decaauts)
 A = Elapsed time spent in this place.
 B = Non-inter-level travel time spent in this place.
 C = Inter-level travel time spent in this place.
 D = Time resting spent in this place.
 E = Time spent auto-exploring this place.
 F = Levels seen in this place.
 G = Mean time per level.
                   A        B        C        D        E       F      G
               +--------+--------+--------+--------+--------+-----+--------+
         Total |   2652 |   2553 |     99 |    295 |   1671 |   3 |  884.0 |
       Dungeon |   2652 |   2553 |     99 |    295 |   1671 |   3 |  884.0 |
               +--------+--------+--------+--------+--------+-----+--------+

Top non-repeatable levels by time:
     D:2: 1034 daAuts
     D:1: 978 daAuts
     D:3: 639 daAuts
